 Dungeon Crawl Stone Soup version 0.19-a0 (webtiles) character file.

1761008 Northaan the Slayer (level 27, 192/192 HPs)
             Began as a Gargoyle Fighter on Apr 26, 2016.
             Was a High Priest of Okawaru.
             Escaped with the Orb
             ... and 3 runes on Apr 27, 2016!
             The game lasted 03:41:19 (66455 turns).

Northaan the Slayer (Gargoyle Fighter)             Turns: 66455, Time: 03:41:20

Health: 192/192    AC: 61    Str: 23    XL:     27
Magic:  40/40      EV: 14    Int: 17    God:    Okawaru [*****.]
Gold:   3205       SH: 24    Dex: 20    Spells: 0 memorised, 26 levels left

rFire  + + +     SeeInvis +     R - +9 demon whip (elec)
rCold  + + +     Gourm    .     H - +8 gold dragon armour
rNeg   + . .     Faith    .     S - +0 large shield {reflect}
rPois  ∞         Spirit   .     p - +2 hat "Kiwueraje" {rC+}
rElec  +         Dismiss  .     L - +1 cloak {MR+}
rCorr  +         Reflect  +     n - -2 pair of gloves "Diym" {Dex+3 Slay+3}
SustAt .         Harm     .     o - +1 pair of boots
MR     ++++.                    v - amulet of Inuutupe {Regen+ Dex+2 Slay+2}
Stlth  ..........               X - ring of Xom's Absentmindedness {rF+ MP+9 Int+4 SInv}
                                z - ring of protection from magic

@: resistant, flying, very slightly contaminated, hasted, very quick, incredibly
resistant to hostile enchantments, extremely unstealthy
A: big wings, molten scales 1, negative energy resistance 1, electricity
resistance, unbreathing, petrification resistance, rot immunity, AC +20
a: Stop Flying, Heroism, Finesse, Renounce Religion
0: Orb of Zot
}: 3/15 runes: serpentine, barnacled, silver


You escaped.
You worshipped Okawaru.
Okawaru was extremely pleased with you.
You were full.

You visited 11 branches of the dungeon, and saw 54 of its levels.
You visited 2 bazaars.
You also visited: Trove and Ice Cave.

You collected 6838 gold pieces.
You spent 3633 gold pieces at shops.

Inventory:

Hand Weapons
 c - the +1 eveningstar "Brilliance" {holy, rN+ AC+5 Int+5}
   (You found it in a treasure trove)

   It has been blessed by the Shining One to cause great damage to the undead
   and demons.
   It affects your AC (+5).
   It affects your intelligence (+5).
   It protects you from negative energy.
 J - a +2 eveningstar of draining
 R - a +9 demon whip of electrocution (weapon)
Missiles
 Q - 16 javelins of returning
 V - 32 javelins of penetration (quivered)
Armour
 n - the -2 pair of gloves "Diym" (worn) {Dex+3 Slay+3}
   (You found it on level 8 of the Lair of Beasts)

   It affects your dexterity (+3).
   It affects your accuracy and damage with ranged weapons and melee attacks
   (+3).
 o - a +1 pair of boots (worn)
 p - the +2 hat "Kiwueraje" (worn) {rC+}
   (Okawaru gifted it to you on level 5 of the Vaults)

   It protects you from cold.
 H - a +8 gold dragon armour (worn)
 L - a +1 cloak of magic resistance (worn)
 S - a +0 large shield of reflection (worn)
Jewellery
 j - an uncursed ring of see invisible
 r - an uncursed ring of protection from fire
 s - an uncursed ring of sustain attributes
 t - an uncursed amulet of regeneration
 v - the amulet of Inuutupe (around neck) {Regen+ Dex+2 Slay+2}
   (You found it on level 3 of the Crypt)

   [amulet of regeneration]

   It affects your dexterity (+2).
   It affects your accuracy and damage with ranged weapons and melee attacks
   (+2).
   It increases your rate of regeneration.
 x - an uncursed ring of fire
 z - a ring of protection from magic (left hand)
 F - the ring "Neemaat" {-Tele +Fly rElec rC++ Slay+2}
   (You found it on level 3 of the Depths)

   [ring of flight]

   It affects your accuracy and damage with ranged weapons and melee attacks
   (+2).
   It greatly protects you from cold.
   It insulates you from electricity.
   It lets you fly.
   It prevents most forms of teleportation.
 K - an uncursed ring of magical power
 X - the ring of Xom's Absentmindedness (right hand) {rF+ MP+9 Int+4 SInv}
   (You found it on level 3 of the Crypt)

   [ring of protection from fire]

   It affects your intelligence (+4).
   It protects you from fire.
   It affects your magic capacity (+9).
   It lets you see invisible.
 Y - an uncursed ring of positive energy
Wands
 O - a wand of disintegration (12/24)
Scrolls
 e - 26 scrolls of remove curse
 h - 3 scrolls of magic mapping
 m - 4 scrolls of silence
 u - a scroll of summoning
 w - 10 scrolls of teleportation
 A - 2 scrolls of brand weapon
 B - 10 scrolls of amnesia
 E - 9 scrolls of recharging
 M - 17 scrolls of identify
 N - 3 scrolls of fear
 T - 5 scrolls of blinking
 U - 5 scrolls of fog
Potions
 a - 8 potions of agility
 b - a potion of invisibility
 d - 4 potions of might
 i - a potion of resistance
 k - 5 potions of cancellation
 C - 3 potions of haste
 D - 8 potions of heal wounds
 G - a potion of ambrosia
 I - 20 potions of curing
 P - a potion of cure mutation
 Z - 6 potions of berserk rage
Books
 y - a book of Annihilations

   Spells                             Type                      Level
   a - Poison Arrow                   Conjuration/Poison           6
   b - Chain Lightning                Conjuration/Air              8
   c - Lehudib's Crystal Spear        Conjuration/Earth            8
   d - Glaciate                       Conjuration/Ice              9
   e - Fire Storm                     Conjuration/Fire             9
 W - a book of Flames

   Spells                             Type                      Level
   a - Flame Tongue                   Conjuration/Fire             1
   b - Throw Flame                    Conjuration/Fire             2
   c - Conjure Flame                  Conjuration/Fire             3
   d - Inner Flame                    Hexes/Fire                   3
   e - Sticky Flame                   Conjuration/Fire             4
   f - Fireball                       Conjuration/Fire             5
Comestibles
 f - 13 bread rations
 g - 13 royal jellies
 l - 32 meat rations
 q - 31 fruits


   Skills:
 * Level 24.4 Fighting
 * Level 23.7 Maces & Flails
 + Level 14.4 Throwing
 + Level 21.6 Armour
 + Level 14.8 Dodging
 * Level 20.3 Shields
 - Level 7.4 Invocations
 + Level 11.4 Evocations


You had 26 spell levels left.
You didn't know any spells.

Dungeon Overview and Level Annotations

Branches:
Dungeon (15/15)            Temple (0/1) D:5            Lair (8/8) D:10
 Shoals (4/4) Lair:3        Snake (4/4) Lair:6        Slime (0/6) Lair:7
    Orc (2/2) D:12            Elf (2/3) Orc:2        Vaults (5/5) D:14
  Crypt (3/3) Vaults:3       Tomb (1/3) Crypt:3      Depths (5/5) D:15
    Zot (5/5) Depths:5

Altars:
Ashenzari
Cheibriados
Dithmenos
Fedhas
Gozag
Kikubaaqudgha
Makhleb
Nemelex Xobeh
Okawaru
Pakellas
Qazlal
Ru
Sif Muna
Vehumet
Xom
Yredelemnul
Zin
The Shining One
Beogh

Shops:
D:5 %   D:7 !   D:8 (   D:10 [   D:12 %   D:14 }   Orc:2 =*%?   Elf:1 *}(
Shoals:2 [   Shoals:4 [   Snake:1 ?*?   Snake:4 [   Vaults:2 }   Vaults:4 (

Portals:
Hell: Depths:1 Depths:2 Depths:3 Depths:4 Depths:5
Abyss: Depths:2 Depths:4
Pandemonium: Depths:1 Depths:3
Ziggurat: Depths:3

Annotations:
D:10 exclusion: orange crystal statue


Innate Abilities, Weirdness & Mutations

You are resistant to torment.
Your stone body is resilient (AC +20).
You are immune to poison.
Your large and strong wings let you fly indefinitely.
You resist negative energy.
You are resistant to electric shocks.
You can survive without breathing.
You are immune to petrification.
You are immune to rotting.
You are partially covered in molten scales (AC +1).


Message History

You block the ufetubus's attack. x2
The ufetubus hits you but does no damage.
The ufetubus barely misses you. You block the ufetubus's attack.
The ufetubus hits you but does no damage.
You block the ufetubus's attack.
The ufetubus hits you but does no damage.
You see here a robe.
An Orb Guardian comes into view.
There is a large open door here.
An Orb Guardian comes into view.
You block the Orb Guardian's attack. You block the ufetubus's attack. x2
The Orb Guardian hits you but does no damage.
You block the Orb Guardian's attack. You block the ufetubus's attack. x2
The ufetubus disappears in a puff of smoke!
There is an open door here.
There is an escape hatch in the floor here.
There is a staircase leading out of the dungeon here.
You have escaped!

#......# #.# ##.## ##
######.#####.##############.#
#....................55#
#...................5..#
#..########+########...#
#..####.........####...#
#..##...#.....#...##...#####
#..#..#...#+#...#..#......X.
#..'.....##@##.....'..#####.
#..'.....##X##..X..'..# #.
#..#..#...#'#5..#5.#..# #.
#(.##...#..5..#...##..# #.
#..####.....5...####..# #.
######..########'########..#
#.
...........................#
#.
.####......................#
#. .#
############.....####### #.


You could see an Orb Guardian and 2 ufetubi.

Vanquished Creatures
  4 orbs of fire
  Mennas (Vaults:3)
  6 ancient liches
  Mara (Depths:3)
  Sojobo (Vaults:3)
  Saint Roka (Vaults:3)
  A caustic shrike (Depths:4)
  Frederick (Vaults:3)
  10 golden dragons
  3 curse toes
  A Killer Klown (Zot:4)
  2 bone dragons
  Xtahua (Crypt:3)
  Jorgrun (Depths:3)
  4 electric golems
  10 tentacled monstrosities
  An Ice Fiend (Zot:2)
  5 liches
  A deep elf blademaster (Elf:2)
  23 Orb Guardians (Zot:5)
  An acid blob (Depths:2)
  The ghost of Chiseanne the Spear-Bearer, an adept TrMo of the Shining One (Vaults:2)
  3 quicksilver dragons
  9 sphinxes
  A titan (Vaults:5)
  4 ancient champions
  7 death cobs
  7 tengu reavers
  A thorn hunter (Depths:2)
  3 shadow dragons
  5 storm dragons
  10 greater nagas
  Ilsuiw (Shoals:4)
  13 frost giants
  3 draconian monks
  7 draconian knights
  15 fire giants
  A revenant (Crypt:2)
  Aizul (Crypt:1)
  3 orc warlords
  3 draconian scorchers
  2 iron dragons (Depths:4)
  A draconian shifter (Zot:1)
  2 deep elf sorcerers
  A draconian zealot (Zot:1)
  Louise (Vaults:1)
  6 ghouls
  14 vault wardens
  A curse skull (Crypt:3)
  4 draconian annihilators
  A reaper (Zot:3)
  3 spriggan defenders
  8 war gargoyles
  19 stone giants
  17 ironheart preservers
  32 very ugly things
  An apis (shapeshifter) (Vaults:5)
  6 green draconians
  13 vampire knights
  3 red draconians
  3 black draconians
  A salamander stormcaller (Vaults:4)
  A deep elf annihilator (Vaults:5)
  7 white draconians
  3 deep elf demonologists
  2 purple draconians
  2 bennus
  4 yellow draconians
  4 spark wasps
  4 mottled draconians
  Azrael (Snake:3)
  2 merfolk javelineers (Shoals:4)
  A blizzard demon (Depths:3)
  16 ettins
  33 vault guards
  2 minotaurs (Depths:3)
  An eidolon (Crypt:3)
  A green death (D:15)
  7 merfolk impalers
  4 deep elf death magi
  4 crystal guardians
  17 yaktaur captains
  A mummy priest (Tomb:1)
  24 fire dragons
  A small abomination (Depths:5)
  12 great orbs of eyes
  5 deep elf high priests
  A minotaur (shapeshifter) (Vaults:5)
  6 rakshasas
  4 spriggan air magi
  5 jiangshi
  2 hell beasts
  13 naga warriors
  7 hydras
  4 merfolk avatars
  6 entropy weavers
  An alligator snapping turtle (Shoals:4)
  12 centaur warriors
  An anaconda (shapeshifter) (Vaults:5)
  29 ice dragons
  15 death yaks
  10 anacondas
  A catoblepas (Lair:2)
  19 ogre magi
  27 dancing weapons
  6 merfolk aquamancers
  A queen ant (shapeshifter) (Depths:1)
  3 death knights
  7 vampire magi
  19 deep troll earth magi
  6 tengu warriors
  11 deep troll shamans
  15 naga sharpshooters
  3 titan zombies (Crypt:3)
  8 spriggan berserkers
  2 sun demons
  8 shock serpents
  6 hell knights (Crypt:3)
  16 skeletal warriors
  4 salamander mystics
  A fire crab (Vaults:5)
  19 deep elf knights
  10 iron trolls
  3 shadow wraiths
  A golden dragon zombie (Crypt:3)
  2 shadow demons
  A fire crab (shapeshifter) (Vaults:1)
  11 sea snakes
  48 deep trolls
  3 unseen horrors
  3 giant orange brains
  5 flayed ghosts
  3 wizards
  11 naga ritualists
  10 deep elf archers
  13 ironbrand convokers
  16 phantasmal warriors
  8 necromancers
  An anubis guard (Tomb:1)
  An anubis guard (shapeshifter) (Depths:4)
  16 orc knights
  9 hill giants
  10 griffons
  6 wolf spiders
  A golden dragon skeleton (Crypt:3)
  26 harpies
  34 ugly things
  6 fauns
  7 mana vipers
  3 oklob plants (Depths:2)
  An iron dragon skeleton (Crypt:3)
  A salamander (shapeshifter) (Depths:4)
  4 orc sorcerers
  16 salamanders
  67 deep elf magi
  5 hornets
  15 moths of wrath
  3 elephants (Lair:7)
  6 cyclopes
  An elephant (shapeshifter) (Depths:4)
  8 sirens
  A frost giant skeleton (Crypt:3)
  8 manticores
  A rust devil (Depths:2)
  A black mamba (shapeshifter) (Depths:4)
  7 centaur zombies
  6 guardian serpents
  16 naga magi
  32 black mambas
  5 water nymphs
  A guardian serpent (shapeshifter) (Vaults:1)
  7 sixfirhies
  14 vault sentinels
  2 stone giant skeletons (Crypt:3)
  A gargoyle (D:13)
  11 spiny frogs
  A torpor snail (Lair:4)
  2 orange demons
  A mottled draconian zombie (Crypt:1)
  A shock serpent skeleton (Crypt:2)
  5 centaur skeletons
  57 yaktaurs
  8 komodo dragons
  2 rime drakes
  A white draconian skeleton (Crypt:1)
  A komodo dragon (shapeshifter) (Depths:3)
  4 kobold demonologists
  10 freezing wraiths
  2 ice devils
  A hellion (Depths:2)
  A hellwing (Depths:1)
  A tormentor (Depths:2)
  A swamp worm zombie (Crypt:2)
  5 tengu conjurers
  7 trolls
  2 red devils (Depths:5)
  A redback zombie (Crypt:1)
  A tengu simulacrum (Vaults:2)
  2 harpy zombies (Shoals:1)
  2 hydra zombies (Crypt:3)
  A jumping spider (Vaults:2)
  43 merfolk
  39 two-headed ogres
  8 polar bears (Lair:8)
  2 wind drakes (Shoals:4)
  2 raiju (Lair:8)
  A blink frog (shapeshifter) (Vaults:5)
  9 snapping turtles
  2 boulder beetles
  30 slime creatures
  15 blink frogs
  2 ushabtiu (Tomb:1)
  2 bog bodies
  3 griffon zombies
  A human simulacrum (Vaults:3)
  49 flying skulls
  A tarantella (Depths:2)
  23 water elementals
  A spriggan (shapeshifter) (Vaults:5)
  12 redbacks
  A redback (shapeshifter) (Vaults:5)
  A spriggan (Depths:5)
  10 air elementals
  2 hill giant zombies (D:12)
  3 wraiths
  2 wyverns
  A shadow (D:15)
  70 yaks
  A basilisk (shapeshifter) (Vaults:3)
  4 fire elementals
  3 basilisks (Lair:3)
  A hog (shapeshifter) (Vaults:3)
  4 hungry ghosts
  13 hippogriffs
  24 vampire mosquitoes
  2 chaos spawn
  A neqoxec (Depths:1)
  An insubstantial wisp (Lair:1)
  3 soldier ants
  13 wargs
  72 nagas
  12 hell hounds
  12 water moccasins
  2 giant eyeballs (Depths:4)
  7 porcupines
  52 orc warriors
  3 sky beasts
  A torturous demonspawn skeleton (Crypt:1)
  19 ice beasts
  2 phantoms
  A spiny frog skeleton (Crypt:3)
  An eye of draining (shapeshifter) (Vaults:1)
  6 necrophages
  13 black bears
  A snapping turtle zombie (Crypt:2)
  11 boggarts
  2 wasps
  72 ogres
  17 wolves
  An ogre (shapeshifter) (Depths:1)
  15 centaurs
  16 crocodiles
  A torpor snail zombie (Crypt:1)
  A big kobold (shapeshifter) (Elf:1)
  A dryad zombie (Crypt:1)
  4 big kobolds
  A salamander zombie (Crypt:2)
  23 giant frogs
  4 earth elementals (Elf:2)
  A cyclops zombie (Crypt:1)
  A deep troll simulacrum (Vaults:2)
  2 wyvern skeletons
  2 hippogriff zombies (Shoals:1)
  5 scorpions
  A warg zombie (Crypt:2)
  A yak zombie (Crypt:2)
  9 killer bees
  A troll zombie (D:12)
  12 wights
  An electric eel (D:14)
  5 howler monkeys
  11 crimson imps
  9 jellies
  4 quasits
  A black bear zombie (Crypt:2)
  3 giant frog zombies
  16 orc priests
  16 hounds
  2 iron imps (Depths:1)
  32 orc wizards
  9 iguanas
  17 worker ants
  20 sheep
  2 killer bee zombies
  5 ogre zombies (D:12)
  A felid skeleton (Crypt:1)
  A mottled dragon skeleton (Crypt:2)
  A hound skeleton (D:10)
  3 mummies (Tomb:1)
  9 gnolls (Depths:3)
  15 adders
  28 river rats
  5 shadow imps
  4 white imps
  3 ufetubi
  7 oozes
  3 adder skeletons
  2 adder zombies
  7 worms
  4 dart slugs
  4 giant geckos
  105 orcs
  4 bats
  13 giant cockroaches
  9 goblins
  7 hobgoblins
  13 jackals
  8 quokkas
  3 ball pythons
  A ball python skeleton (D:5)
  7 giant newts
  4 goblin skeletons
  2 goblin zombies (D:12)
  A hobgoblin skeleton (D:12)
  2 hobgoblin zombies (D:12)
  A jackal zombie (D:7)
  28 kobolds
  A kobold skeleton (D:7)
  2 kobold zombies (D:7)
  6 orc skeletons
  15 orc zombies
  10 rats
  A briar patch (Depths:2)
  A bush (Lair:7)
  A butterfly (D:11)
  A crawling corpse (Elf:1)
  A lost soul (Crypt:1)
  6 plants
2717 creatures vanquished.

Vanquished Creatures (others)
  A tengu reaver (Depths:4)
  The ghost of ololoev the Eclecticist, a journeyman DEFE of Vehumet (Depths:2)
  A purple draconian (Zot:2)
  4 merfolk javelineers
  2 yaktaur captains
  A deep elf high priest (Depths:5)
  An ogre mage (Orc:2)
  An anaconda (Snake:4)
  2 centaur warriors
  3 satyrs
  A small abomination (Elf:1)
  4 deep elf archers
  A cyclops (D:15)
  A water nymph (Shoals:3)
  14 yaktaurs
  A two-headed ogre (Vaults:5)
  A merfolk (Shoals:3)
  3 redbacks (Depths:2)
  2 boggarts (Vaults:3)
  4 centaurs
  A gnoll (Depths:3)
  A kobold (Vaults:2)
  6 fungi
  6 lost souls
  24 plants
87 creatures vanquished.

Grand Total: 2804 creatures vanquished

Notes
Turn   | Place    | Note
--------------------------------------------------------------
     0 | D:1      | Northaan the Gargoyle Fighter began the quest for the Orb.
     0 | D:1      | Reached XP level 1. HP: 14/14 MP: 1/1
   198 | D:1      | Reached XP level 2. HP: 19/19 MP: 2/2
   778 | D:2      | Reached XP level 3. HP: 18/23 MP: 3/3
  1209 | D:2      | Reached XP level 4. HP: 29/29 MP: 4/4
  1746 | D:3      | Reached skill level 4 in Fighting
  1957 | D:3      | Found an iron altar of Okawaru.
  1989 | D:3      | Became a worshipper of Warmaster Okawaru
  2004 | D:3      | Noticed an orc warrior
  2007 | D:3      | Reached XP level 5. HP: 28/33 MP: 5/5
  2521 | D:4      | Found a deep blue altar of Sif Muna.
  3001 | D:4      | Found a shadowy altar of Dithmenos.
  3193 | D:4      | Found a burning altar of Makhleb.
  3193 | D:4      | Found a radiant altar of Vehumet.
  3200 | D:4      | Reached XP level 6. HP: 37/39 MP: 6/6
  3446 | D:5      | Entered Level 5 of the Dungeon
  3516 | D:5      | Reached * piety under Okawaru
  3516 | D:5      | Reached skill level 5 in Fighting
  3545 | D:5      | Noticed an ice beast
  3562 | D:5      | Killed an ice beast
  3562 | D:5      | Reached skill level 5 in Maces & Flails
  3562 | D:5      | Reached XP level 7. HP: 9/44 MP: 7/7
  3984 | D:5      | Found a staircase to the Ecumenical Temple.
  4084 | D:5      | Found Odybais's Food Shop.
  4168 | D:5      | Found a sparkling altar of Nemelex Xobeh.
  4594 | D:6      | Reached skill level 6 in Fighting
  4620 | D:6      | Reached ** piety under Okawaru
  4620 | D:6      | Reached XP level 8. HP: 51/51 MP: 8/8
  4889 | D:6      | Found a shimmering altar of Xom.
  5443 | D:6      | Got a faintly glowing ring mail
  5446 | D:6      | Identified the +3 ring mail of the Storm King {rElec rN+ Regen+ Str-4} (You found it on level 6 of the Dungeon)
  5484 | D:7      | Found Paron's Distillery.
  5492 | D:7      | Bought a potion of heal wounds for 65 gold pieces
  5643 | D:7      | Reached skill level 7 in Fighting
  5726 | D:7      | Found a sparkling altar of Nemelex Xobeh.
  5727 | D:7      | Found an opulent altar of Gozag.
  5756 | D:7      | Found a glowing golden altar of the Shining One.
  6137 | D:7      | Found an ancient bone altar of Kikubaaqudgha.
  6171 | D:7      | Found an iron altar of Okawaru.
  6267 | D:7      | Reached skill level 8 in Fighting
  6609 | D:7      | Found a blossoming altar of Fedhas.
  6714 | D:7      | Reached *** piety under Okawaru
  6714 | D:7      | Reached XP level 9. HP: 54/59 MP: 9/9
  6793 | D:7      | Reached skill level 1 in Dodging
  6850 | D:8      | Found a snail-covered altar of Cheibriados.
  7029 | D:8      | Found Jethulun's Antique Weapon Shop.
  7036 | D:8      | Bought an ancient morningstar for 234 gold pieces
  7036 | D:8      | Identified the +9 morningstar of the Lesser Evil {venom, +Fly} (You bought it in a shop on level 8 of the Dungeon)
  7120 | D:8      | Reached skill level 1 in Throwing
  7207 | D:8      | Reached **** piety under Okawaru
  7222 | D:8      | Reached skill level 5 in Armour
  7582 | D:8      | Found a stormy altar of Qazlal.
  8214 | D:9      | Reached XP level 10. HP: 61/65 MP: 10/10
  8228 | D:9      | Reached skill level 9 in Fighting
  8557 | D:9      | Found a shattered altar of Ashenzari.
  8589 | D:9      | Reached skill level 5 in Shields
  8687 | D:9      | Reached ***** piety under Okawaru
  8827 | D:10     | Entered Level 10 of the Dungeon
  8840 | D:10     | Received a gift from Okawaru
  8969 | D:10     | Found Zusuraps's Armour Shoppe.
  8977 | D:10     | Reached skill level 10 in Maces & Flails
  8995 | D:10     | Bought a +0 cloak for 67 gold pieces
  9009 | D:10     | Noticed a hill giant
  9018 | D:10     | Killed a hill giant
  9148 | D:10     | Found a staircase to the Lair.
  9461 | D:10     | Noticed an orange crystal statue
  9949 | D:11     | Found an oddly glowing altar of Pakellas.
  9960 | D:11     | Reached XP level 11. HP: 56/72 MP: 11/11
 10165 | D:11     | Found a runed door.
 10186 | D:11     | Found a runed door.
 10295 | D:11     | Noticed an unseen horror
 10305 | D:11     | Killed an unseen horror
 10305 | D:11     | Received a gift from Okawaru
 10508 | D:11     | Noticed a four-headed hydra
 10515 | D:11     | Killed a four-headed hydra
 10515 | D:11     | Reached skill level 10 in Fighting
 10602 | D:12     | Found a staircase to the Orcish Mines.
 10602 | D:12     | Noticed an orc sorcerer
 10615 | D:12     | Killed an orc sorcerer
 10627 | D:12     | Reached ****** piety under Okawaru
 10627 | D:12     | Received a gift from Okawaru
 10867 | D:12     | Noticed a hill giant
 10876 | D:12     | Killed a hill giant
 11223 | D:12     | Found a glowing silver altar of Zin.
 11666 | D:12     | Noticed an unseen horror
 11676 | D:12     | Killed an unseen horror
 11676 | D:12     | Reached skill level 5 in Dodging
 11694 | D:12     | Reached skill level 5 in Throwing
 11704 | D:12     | Noticed a red ugly thing
 11711 | D:12     | Killed a red ugly thing
 11800 | D:12     | Reached XP level 12. HP: 77/78 MP: 12/12
 12009 | D:12     | Found Oqezo's Food Boutique.
 12564 | Lair:1   | Entered Level 1 of the Lair of Beasts
 12589 | Lair:1   | Received a gift from Okawaru
 12866 | Lair:1   | Reached skill level 1 in Invocations
 13254 | Lair:1   | Noticed a four-headed hydra
 13268 | Lair:1   | Killed a four-headed hydra
 14033 | Lair:2   | Identified a scroll of acquirement
 14052 | Lair:2   | Noticed a catoblepas
 14061 | Lair:2   | Killed a catoblepas
 14111 | Lair:2   | Reached skill level 11 in Fighting
 14468 | Lair:2   | Reached XP level 13. HP: 65/84 MP: 13/15
 14919 | Lair:3   | Found a staircase to the Shoals.
 15393 | Lair:3   | Received a gift from Okawaru
 15620 | Lair:4   | Found a frozen archway.
 15659 | IceCv    | Entered an ice cave
 16198 | Lair:4   | You fall through a shaft!
 16478 | Lair:5   | Received a gift from Okawaru
 16488 | Lair:5   | Got a pair of smoking boots {god gift}
 16499 | Lair:5   | Identified the +0 pair of boots of the Princess {+Inv} (Okawaru gifted it to you on level 5 of the Lair of Beasts)
 16842 | Lair:5   | Reached skill level 5 in Invocations
 17105 | Lair:6   | Gained mutation: You are partially covered in rugged brown scales (AC +1, +3% HP). [potion of mutation]
 17105 | Lair:6   | Gained mutation: You evolve. [potion of mutation]
 17105 | Lair:6   | Gained mutation: You are frail (-10% HP). [potion of mutation]
 17106 | Lair:6   | Lost mutation: You are frail (-10% HP). [potion of cure mutation]
 17106 | Lair:6   | Lost mutation: You evolve. [potion of cure mutation]
 17106 | Lair:6   | Lost mutation: You are partially covered in rugged brown scales (AC +1, +3% HP). [potion of cure mutation]
 17155 | Lair:6   | Gained mutation: Your large and strong wings let you fly indefinitely. [Gargoyle growth]
 17155 | Lair:6   | Reached XP level 14. HP: 82/91 MP: 16/18
 17459 | Lair:6   | Found a staircase to the Snake Pit.
 18167 | Lair:7   | Found a staircase to the Slime Pits.
 18209 | Lair:7   | Reached skill level 12 in Fighting
 18377 | Lair:7   | You fall through a shaft!
 18377 | Lair:8   | Entered Level 8 of the Lair of Beasts
 18518 | Lair:8   | Received a gift from Okawaru
 18814 | Lair:8   | Got a pair of heavily runed gloves
 18825 | Lair:8   | Identified the -2 pair of gloves "Diym" {Dex+3 Slay+3} (You found it on level 8 of the Lair of Beasts)
 19080 | Lair:8   | Received a gift from Okawaru
 19204 | Lair:8   | Reached skill level 10 in Armour
 19278 | Lair:8   | Reached skill level 10 in Shields
 20010 | Snake:1  | Entered Level 1 of the Snake Pit
 20259 | Orc:1    | Entered Level 1 of the Orcish Mines
 20268 | Orc:1    | Noticed an orc warlord
 20402 | Orc:1    | Killed an orc warlord
 20402 | Orc:1    | Received a gift from Okawaru
 20402 | Orc:1    | Reached XP level 15. HP: 91/97 MP: 12/20
 20686 | Orc:2    | Entered Level 2 of the Orcish Mines
 20893 | Orc:2    | Found a staircase to the Elven Halls.
 21034 | Orc:2    | Noticed an orc warlord
 21048 | Orc:2    | Killed an orc warlord
 21205 | Orc:2    | Received a gift from Okawaru
 21254 | Orc:2    | Found Ominuo's Food Shop.
 21254 | Orc:2    | Found Egitut's Magic Scroll Shoppe.
 21258 | Orc:2    | Found Alusud's Jewellery Emporium.
 21258 | Orc:2    | Found Dufroypp's Assorted Antiques.
 21449 | Orc:2    | Noticed an orc warlord
 21481 | Orc:2    | Killed an orc warlord
 21481 | Orc:2    | Received a gift from Okawaru
 21538 | Orc:2    | Found a roughly hewn altar of Beogh.
 21642 | Orc:2    | Reached skill level 13 in Fighting
 21693 | Orc:2    | Bought a scroll of remove curse for 66 gold pieces
 21693 | Orc:2    | Bought a potion of haste for 220 gold pieces
 21693 | Orc:2    | Bought a potion of heal wounds for 110 gold pieces
 21693 | Orc:2    | Bought a potion of curing for 66 gold pieces
 21696 | Orc:2    | Bought a scroll of remove curse for 39 gold pieces
 21696 | Orc:2    | Bought a scroll of enchant weapon for 97 gold pieces
 21696 | Orc:2    | Bought a scroll of identify for 26 gold pieces
 21696 | Orc:2    | Bought a scroll of identify for 26 gold pieces
 21696 | Orc:2    | Bought a scroll of remove curse for 39 gold pieces
 21696 | Orc:2    | Bought a scroll of remove curse for 39 gold pieces
 21696 | Orc:2    | Bought a scroll of remove curse for 39 gold pieces
 21696 | Orc:2    | Bought a scroll of teleportation for 39 gold pieces
 21696 | Orc:2    | Bought a scroll of identify for 26 gold pieces
 22358 | Snake:1  | Found Eshres's Assorted Antiques.
 22366 | Snake:1  | Bought a scroll of teleportation for 78 gold pieces
 22366 | Snake:1  | Bought a scroll of identify for 52 gold pieces
 22401 | Snake:1  | Found Roudoyn's Magic Scroll Emporium.
 22409 | Snake:1  | Bought a scroll of identify for 40 gold pieces
 22409 | Snake:1  | Bought a scroll of teleportation for 60 gold pieces
 22409 | Snake:1  | Bought a scroll of identify for 40 gold pieces
 22409 | Snake:1  | Bought a scroll of identify for 40 gold pieces
 22409 | Snake:1  | Bought a scroll of identify for 40 gold pieces
 22409 | Snake:1  | Bought a scroll of identify for 40 gold pieces
 22409 | Snake:1  | Bought a scroll of teleportation for 60 gold pieces
 22409 | Snake:1  | Bought a scroll of identify for 40 gold pieces
 22409 | Snake:1  | Bought a scroll of magic mapping for 70 gold pieces
 22509 | Snake:1  | Found Leezip's Magic Scroll Boutique.
 22518 | Snake:1  | Bought a scroll of magic mapping for 63 gold pieces
 22518 | Snake:1  | Bought a scroll of fear for 63 gold pieces
 23272 | Snake:1  | Reached skill level 15 in Maces & Flails
 23431 | Snake:2  | Got an ebony mace
 23432 | Snake:2  | Identified the +4 mace "Guymut" {freeze, +Inv rPois Stlth-} (You found it on level 2 of the Snake Pit)
 23776 | Snake:2  | Reached XP level 16. HP: 95/104 MP: 18/21
 23928 | Snake:2  | Received a gift from Okawaru
 24011 | Snake:2  | Received a gift from Okawaru
 24157 | Snake:3  | Noticed a greater naga
 24167 | Snake:2  | Killed a greater naga
 24214 | Snake:3  | Noticed Azrael
 24228 | Snake:3  | Reached skill level 14 in Fighting
 24239 | Snake:3  | Killed Azrael
 24364 | Snake:3  | Received a gift from Okawaru
 24421 | Snake:3  | Received a gift from Okawaru
 24657 | Snake:3  | Noticed a greater naga
 24669 | Snake:3  | Killed a greater naga
 25746 | Snake:4  | Entered Level 4 of the Snake Pit
 25780 | Snake:4  | Noticed a greater naga
 25792 | Snake:4  | Killed a greater naga
 25870 | Snake:4  | Found Ippul's Armour Boutique.
 26177 | Snake:4  | Noticed a greater naga
 26180 | Snake:4  | Reached XP level 17. HP: 112/112 MP: 20/22
 26190 | Snake:4  | Received a gift from Okawaru
 26446 | Snake:4  | Received a gift from Okawaru
 26458 | Snake:4  | Reached skill level 15 in Fighting
 26735 | Snake:4  | Received a gift from Okawaru
 26930 | Snake:4  | Got a serpentine rune of Zot
 27218 | Shoals:1 | Entered Level 1 of the Shoals
 27245 | Shoals:1 | Received a gift from Okawaru
 28046 | Shoals:2 | Received a gift from Okawaru
 28163 | Shoals:2 | Gained mutation: You are partially covered in molten scales (AC +1). [potion of beneficial mutation]
 28164 | Shoals:2 | Gained mutation: You are agile. (Dex +2) [potion of beneficial mutation]
 28179 | Shoals:2 | Found Komarr's Armour Emporium.
 28452 | Shoals:3 | Reached XP level 18. HP: 95/119 MP: 23/23
 28945 | Shoals:3 | Received a gift from Okawaru
 29147 | Shoals:4 | Entered Level 4 of the Shoals
 29196 | Shoals:4 | Noticed Ilsuiw
 29269 | Shoals:4 | Reached skill level 10 in Dodging
 29401 | Shoals:4 | Reached skill level 16 in Fighting
 29409 | Shoals:4 | Killed Ilsuiw
 29595 | Shoals:4 | Found Jingieff's Armour Shoppe.
 29744 | Shoals:4 | Received a gift from Okawaru
 30038 | Shoals:4 | Got a barnacled rune of Zot
 30142 | Shoals:4 | Received a gift from Okawaru
 30149 | Shoals:4 | Got a bronze chain mail {god gift}
 30150 | Shoals:4 | Identified the +7 chain mail "Daxen" {Int+2} (Okawaru gifted it to you on level 4 of the Shoals)
 31416 | D:14     | Found Xuoqisot's Quality Used Wands.
 31499 | D:14     | Reached XP level 19. HP: 125/127 MP: 24/24
 31502 | D:14     | Found a gate to the Vaults.
 31774 | D:15     | Entered Level 15 of the Dungeon
 31876 | D:15     | Found a sacrificial altar of Ru.
 32068 | D:15     | Found a staircase to the Depths.
 32372 | D:15     | Found a shimmering altar of Xom.
 32560 | Vaults:1 | Entered Level 1 of the Vaults
 32664 | Vaults:1 | Received a gift from Okawaru
 32672 | Vaults:1 | Reached skill level 17 in Fighting
 32817 | Vaults:1 | Received a gift from Okawaru
 33048 | Vaults:1 | Got a translucent ivory ring
 33050 | Vaults:1 | Identified the ring "Ikhlen" {+Inv AC+2 Str+5} (You found it on level 1 of the Vaults)
 33362 | Vaults:1 | Noticed Louise
 33382 | Vaults:1 | Killed Louise
 34215 | Vaults:2 | Received a gift from Okawaru
 34270 | Vaults:2 | Reached skill level 15 in Armour
 34388 | Vaults:2 | Found Tegao's Gadget Emporium.
 34398 | Vaults:2 | Received a gift from Okawaru
 34413 | Vaults:2 | Reached XP level 20. HP: 120/135 MP: 25/25
 34543 | Vaults:2 | Noticed Chiseanne's ghost (adept TrMo)
 34548 | Vaults:2 | Received a gift from Okawaru
 34577 | Vaults:2 | Killed Chiseanne's ghost
 34781 | Vaults:2 | Received a gift from Okawaru
 34866 | Vaults:2 | Got a twisted scale mail
 34867 | Vaults:2 | Identified the +8 scale mail of Inevitability {rN+ Str+6 Dex+2 SInv} (You found it on level 2 of the Vaults)
 34941 | Vaults:2 | Received a gift from Okawaru
 35284 | Vaults:2 | Reached skill level 18 in Fighting
 35558 | Vaults:3 | Found a flickering gateway to a bazaar.
 35597 | Bazaar   | Entered a bazaar
 35597 | Bazaar   | Found Miteg's Weapon Shop.
 35597 | Bazaar   | Found Erry's Food Emporium.
 35597 | Bazaar   | Found Mezuzuf's Magic Scroll Shop.
 35597 | Bazaar   | Found Luecoish's Distillery.
 35599 | Bazaar   | Found Fefa's Gadget Boutique.
 35627 | Bazaar   | Bought a potion of heal wounds for 70 gold pieces
 35627 | Bazaar   | Bought a potion of berserk rage for 70 gold pieces
 35627 | Bazaar   | Bought a potion of might for 56 gold pieces
 35638 | Bazaar   | Bought a scroll of magic mapping for 45 gold pieces
 35638 | Bazaar   | Bought a scroll of identify for 26 gold pieces
 35638 | Bazaar   | Bought a scroll of recharging for 123 gold pieces
 35740 | Vaults:3 | Received a gift from Okawaru
 35786 | Vaults:3 | Noticed Mennas
 35839 | Vaults:3 | Killed Mennas
 36225 | Vaults:3 | Noticed Sojobo
 36281 | Vaults:3 | Killed Sojobo
 36429 | Vaults:3 | Noticed Saint Roka
 36448 | Vaults:3 | Killed Saint Roka
 36448 | Vaults:3 | Received a gift from Okawaru
 36659 | Vaults:3 | Upgraded the game from 0.18-a0-1805-g8ab820f to 0.19-a0
 36865 | Vaults:3 | Noticed Frederick
 36886 | Vaults:3 | Killed Frederick
 36886 | Vaults:3 | Reached XP level 21. HP: 136/142 MP: 19/26
 37014 | Vaults:3 | Found a staircase to the Crypt.
 37745 | Vaults:4 | Reached skill level 1 in Evocations
 37850 | Vaults:4 | Reached skill level 10 in Throwing
 38139 | Vaults:4 | Received a gift from Okawaru
 38149 | Vaults:4 | Got a fine flail {god gift}
 38150 | Vaults:4 | Identified the +3 flail "Beomoiptai" {freeze, rN+ Str+3 Int+3} (Okawaru gifted it to you on level 4 of the Vaults)
 38198 | Vaults:4 | Found Sumpol's Weapon Emporium.
 38327 | Vaults:4 | Reached skill level 19 in Fighting
 38355 | Vaults:4 | Found a portal to a secret trove of treasure.
 38594 | Vaults:4 | Got a twitching turquoise ring
 39056 | Depths:1 | Entered Level 1 of the Depths
 39125 | Depths:1 | Found a runed door.
 39200 | Depths:1 | Noticed a juggernaut
 39355 | Depths:1 | Received a gift from Okawaru
 39386 | Depths:1 | Reached skill level 15 in Shields
 39401 | Depths:1 | Paralysed by a great orb of eyes for 6 turns
 39579 | Depths:1 | Found a gateway to Hell.
 40034 | Depths:1 | Received a gift from Okawaru
 40080 | Depths:1 | Reached XP level 22. HP: 134/150 MP: 27/27
 40702 | Depths:1 | Found a one-way gate leading to the halls of Pandemonium.
 40975 | Depths:1 | Identified the ring "Pikhlipez" {+Fly rN+ MP+9 Int+4 Dex+3} (You found it on level 4 of the Vaults)
 41042 | Depths:1 | Received a gift from Okawaru
 41516 | Depths:2 | Noticed ololoev's ghost (journeyman DEFE)
 41529 | Depths:2 | Killed ololoev's ghost
 42138 | Shoals:2 | Bought the +12 armour of Talos {ponderous, rF+} for 1224 gold pieces
 42640 | Vaults:4 | You paid a toll of the armour of Talos to enter a treasure trove
 42641 | Trove    | Entered a treasure trove
 43168 | Snake:1  | Bought a scroll of enchant weapon for 135 gold pieces
 43689 | Depths:2 | Received a gift from Okawaru
 43822 | Depths:2 | Paralysed by a giant eyeball for 3 turns
 44596 | Depths:2 | Found a one-way gate to the infinite horrors of the Abyss.
 44621 | Depths:2 | Received a gift from Okawaru
 45139 | Depths:3 | Reached XP level 23. HP: 152/156 MP: 28/28
 45234 | Depths:3 | Found a gateway to a ziggurat.
 45279 | Depths:3 | Noticed Jorgrun
 45279 | Depths:3 | Reached skill level 20 in Fighting
 45323 | Depths:3 | Killed Jorgrun
 45434 | Depths:3 | Noticed Mara
 45449 | Depths:3 | Noticed Northaan's illusion
 45459 | Depths:3 | Killed Mara
 46232 | Depths:3 | Got a crude pewter ring
 46233 | Depths:3 | Identified the ring "Neemaat" {-Tele +Fly rElec rC++ Slay+2} (You found it on level 3 of the Depths)
 46930 | Depths:3 | Received a gift from Okawaru
 46935 | Depths:3 | Reached skill level 5 in Evocations
 47067 | Depths:3 | Received a gift from Okawaru
 47380 | Depths:4 | Noticed a caustic shrike
 47381 | Depths:4 | Received a gift from Okawaru
 47397 | Depths:4 | Killed a caustic shrike
 47439 | Depths:4 | Received a gift from Okawaru
 47495 | Depths:4 | Received a gift from Okawaru
 47517 | Depths:4 | Reached XP level 24. HP: 64/164 MP: 27/28
 47774 | Depths:4 | Received a gift from Okawaru
 47992 | Depths:4 | Got an ancient large shield
 47993 | Depths:4 | Identified the +0 large shield of Impatience {rElec Str+3 Int+4} (You acquired it on level 4 of the Depths)
 48353 | Depths:4 | Paralysed by a sphinx for 6 turns
 48420 | Depths:4 | Received a gift from Okawaru
 48532 | Depths:4 | Got a bloodstained morningstar {god gift}
 48533 | Depths:4 | Identified the +8 morningstar "Poiss" {antimagic, *Contam rElec rN+} (Okawaru gifted it to you on level 4 of the Depths)
 48560 | Depths:4 | Identified the Incunabulum of Attacks
 48899 | Depths:5 | Entered Level 5 of the Depths
 48909 | Depths:5 | Reached skill level 21 in Fighting
 49170 | Depths:5 | Found a flickering gateway to a bazaar.
 49175 | Bazaar   | Entered a bazaar
 49196 | Bazaar   | Found Hogusus's Book Shop.
 49216 | Bazaar   | Found Vifer's Jewellery Shop.
 49338 | Depths:5 | Found a gate to the Realm of Zot.
 49388 | Depths:5 | Received a gift from Okawaru
 49765 | Depths:5 | Received a gift from Okawaru
 49889 | Depths:5 | Received a gift from Okawaru
 50183 | Depths:5 | Reached XP level 25. HP: 170/171 MP: 28/28
 50793 | Depths:5 | Found a sparkling altar of Nemelex Xobeh.
 51418 | Elf:1    | Entered Level 1 of the Elven Halls
 51470 | Elf:1    | Found Osilac's General Store.
 51787 | Elf:1    | Found Weudaci's Gadget Boutique.
 52336 | Elf:1    | Received a gift from Okawaru
 52485 | Elf:1    | Found Bahidoz's Antique Weapon Shoppe.
 53042 | Elf:2    | Found a runed gate.
 53042 | Elf:2    | Found a runed gate.
 53044 | Elf:2    | Found a runed gate.
 54247 | Crypt:1  | Entered Level 1 of the Crypt
 54555 | Crypt:1  | Noticed Aizul
 54574 | Crypt:1  | Killed Aizul
 55650 | Crypt:2  | Received a gift from Okawaru
 55650 | Crypt:2  | Reached skill level 22 in Fighting
 55650 | Crypt:2  | Reached XP level 26. HP: 171/179 MP: 28/28
 56034 | Crypt:3  | Entered Level 3 of the Crypt
 56696 | Crypt:3  | Found a basalt altar of Yredelemnul.
 56696 | Crypt:3  | Noticed an ancient lich
 56731 | Crypt:3  | Killed an ancient lich
 56731 | Crypt:3  | Received a gift from Okawaru
 57289 | Crypt:3  | Noticed Xtahua
 57304 | Crypt:3  | Killed Xtahua
 57361 | Crypt:3  | Got a smoking granite ring
 57362 | Crypt:3  | Identified the ring of Xom's Absentmindedness {rF+ MP+9 Int+4 SInv} (You found it on level 3 of the Crypt)
 57389 | Crypt:3  | Found a staircase to the Tomb.
 57409 | Crypt:3  | Got a scintillating bronze ring
 57409 | Crypt:3  | Got a warped garnet amulet
 57409 | Crypt:3  | Got a vibrating brass ring
 57410 | Crypt:3  | Identified the ring of the Princeling {rN+ Dex+4} (You found it on level 3 of the Crypt)
 57411 | Crypt:3  | Identified the amulet of Inuutupe {Regen+ Dex+2 Slay+2} (You found it on level 3 of the Crypt)
 57412 | Crypt:3  | Identified the ring "Rear" {rElec rN+ Dex+2 Slay+2 Stlth-} (You found it on level 3 of the Crypt)
 57420 | Tomb:1   | Entered Level 1 of the Tomb of the Ancients
 57863 | Vaults:5 | Entered Level 5 of the Vaults
 58256 | Vaults:5 | Got a slimy silver ring
 58257 | Vaults:5 | Identified the ring "Ceaf" {+Blink rC+ MR- MP+9 Int+9} (You found it on level 5 of the Vaults)
 58289 | Vaults:5 | Received a gift from Okawaru
 58355 | Vaults:5 | Reached XP level 27. HP: 179/186 MP: 29/29
 58374 | Vaults:5 | Received a gift from Okawaru
 58535 | Vaults:5 | Got a steaming hat {god gift}
 58536 | Vaults:5 | Identified the +2 hat "Kiwueraje" {rC+} (Okawaru gifted it to you on level 5 of the Vaults)
 59484 | Vaults:5 | Reached skill level 23 in Fighting
 59534 | Vaults:5 | Got a silver rune of Zot
 60258 | Zot:1    | Entered Level 1 of the Realm of Zot
 60324 | Zot:1    | Noticed an orb of fire
 60350 | Zot:1    | Killed an orb of fire
 60739 | Zot:1    | Received a gift from Okawaru
 60943 | Zot:1    | Reached skill level 10 in Evocations
 61808 | Zot:2    | Received a gift from Okawaru
 61955 | Zot:2    | Received a gift from Okawaru
 62304 | Zot:3    | Received a gift from Okawaru
 63137 | Zot:5    | Entered Level 5 of the Realm of Zot
 63432 | Zot:5    | Noticed an ancient lich
 63452 | Zot:5    | Killed an ancient lich
 63452 | Zot:5    | Received a gift from Okawaru
 63597 | Zot:5    | Noticed an ancient lich
 63618 | Zot:5    | Killed an ancient lich
 63638 | Zot:5    | Noticed an ancient lich
 63638 | Zot:5    | Noticed an ancient lich
 63799 | Zot:5    | Noticed an ancient lich
 63822 | Zot:5    | Killed an ancient lich
 63834 | Zot:5    | Killed an ancient lich
 63934 | Zot:4    | Killed an ancient lich
 64042 | Zot:4    | Received a gift from Okawaru
 64302 | Zot:5    | Reached skill level 24 in Fighting
 64467 | Zot:5    | Noticed an orb of fire
 64495 | Zot:5    | Killed an orb of fire
 64675 | Zot:5    | Noticed an orb of fire
 64685 | Zot:5    | Gained mutation: Your body sometimes deteriorates upon taking damage. [an orb of fire]
 64695 | Zot:5    | Noticed an orb of fire
 64702 | Zot:5    | Killed an orb of fire
 64719 | Zot:5    | Gained mutation: Your body often deteriorates upon taking damage. [an orb of fire]
 64732 | Zot:5    | Gained mutation: Your magical capacity is low (-10% MP). [an orb of fire]
 64736 | Zot:5    | Killed an orb of fire
 64741 | Zot:5    | Lost mutation: Your body often deteriorates upon taking damage. [potion of cure mutation]
 64741 | Zot:5    | Lost mutation: You are agile. (Dex +2) [potion of cure mutation]
 64741 | Zot:5    | Lost mutation: Your body sometimes deteriorates upon taking damage. [potion of cure mutation]
 64741 | Zot:5    | Lost mutation: Your magical capacity is low (-10% MP). [potion of cure mutation]
 65048 | Zot:5    | Got the Orb of Zot
 65078 | Zot:5    | Noticed Posi the pandemonium lord
 65130 | Zot:5    | Noticed an ancient lich
 65458 | Depths:5 | Noticed Xuaseirgh the pandemonium lord
 65709 | Depths:3 | Noticed Uxtos the pandemonium lord
 65821 | Depths:2 | Noticed Juemas the pandemonium lord
 66199 | D:9      | Noticed an ancient lich
 66214 | D:8      | Noticed a seraph
 66455 | D:$      | Escaped with the Orb!

Vault maps used:
D:1:      dpeg_arrival_refuge
D:3:      okawaru_gym_becter
D:4:      grunt_temple_overflow_lords_of_destruction, led_sif_book,
          lemuel_round_altar
D:5:      temple_doors_e, first_bread, serial_shops, shop, serial_bayou_pond_a,
          kennysheep_flooded_box, kennysheep_pointless_box
D:6:      kennysheep_mini, minivault_11, hangedman_decor_peaks_small
D:7:      mumra_celtic_spiral_tile, grunt_temple_overflow_opulence,
          kennysheep_little_box, nicolae_tso_besieged_by_evil,
          lemuel_doored_altar, fedhas_altar_fruit_tree, serial_shops, shop
D:8:      nicolae_qazlal_eye_of_the_storm, slow_altar_1, serial_shops, shop
D:9:      hangedman_little_slice_of_home, st_stairs_5,
          nicolae_ashenzari_panopticon
D:10:     minmay_lair_entry_lava, serial_shops, shop_fountains,
          minmay_statue_bubble
D:11:     lemuel_insect_pit, basic_altar
D:12:     wad_crossroads, zombieorc2_lemuel, serial_shops, shop, basic_altar
D:13:     grunt_ministairs_11, st_stairs_14, kennysheep_diamond,
          hangedman_decor_growths
D:14:     david_vaults_4, kennysheep_cross_bottleneck, nicolae_for_you_no_charge
D:15:     hangedman_depths_entry_civil_slaughter, basic_altar, minivault_4,
          tgw_xom
Lair:1:   pond, lemuel_fruit_fields
Lair:3:   minmay_shoals_entry_lonely_mermaid
Lair:4:   portal_ice_cave_entry_ice_beasts
Lair:6:   guppyfry_snake_entry_garden, grunt_megastairs_4
Lair:7:   minmay_slime_entry_pillars, minivault_25, lemuel_fruit_tree,
          grunt_megastairs_3
Lair:8:   hangedman_lair_caniforms_friends, hangedman_lair_in_review
Shoals:1: nicolae_shoals_undead_eyrie
Shoals:2: serial_shops, nicolae_shop_stone, nicolae_shoals_square_sea_wall
Shoals:3: nicolae_shoals_circle_sea_wall, nicolae_shoals_so_close
Shoals:4: shoals_end_grunt_ice, shoal_ilsuiw, serial_shops, shop
Snake:1:  serial_shops, shop, shop, shop
Snake:3:  corexii_hall_statues_x, statue_in_the_mist_lemuel, uniq_azrael
Snake:4:  johnstein_snake_rune_scales, serial_shops, shop
Orc:2:    st_orc_ogre_mass, basic_altar, abandoned_shop
Elf:1:    minmay_elf_arrival_circle, serial_shops,
          nicolae_shop_temple_entry_statues_fountains, shop,
          nicolae_shop_behind_doors, minmay_elf_sorcery, orc_legates
Vaults:1: v_misc_18, nicolae_vaults_windows_and_doors_thing,
          hangedman_vaults_hat, sword_in_stone, vaults_room_fours,
          ontoclasm_vaults_pinch, vaults_dpeg_cross, dpeg_vaults_monster_row,
          vaults_room_hallway
Vaults:2: grunt_vaults_focal, vaults_standard_mumra_x,
          nicolae_vaults_little_squares_2, hangedman_vaults_locks,
          nicolae_vaults_disjoint_gnomons, hangedman_vaults_nodes,
          hangedman_vaults_snaps, v_misc_4, vaults_room_octagon,
          vaults_dpeg_encased_lava, v_alt_pattern_3, ontoclasm_vaults_shuriken,
          serial_ice_h, serial_shops, nicolae_shop_statue_plus
Vaults:3: v_rooms_1, vaults_room_octagon, grunt_vaults_swirl,
          hangedman_vaults_river_flow, nicolae_vaults_little_squares_2,
          grunt_vaults_funnel, vaults_room_glass_cross, v_misc_10, serial_shops,
          bzr_entry_customers, uniq_sojobo, uniq_mennas, uniq_saint_roka,
          uniq_frederick
Vaults:4: hangedman_vaults_slither, v_pattern_2, hangedman_vaults_trim,
          v_misc_28, hangedman_vaults_nails, hangedman_vaults_unwind,
          grunt_vaults_diagonal, nicolae_vaults_little_squares_5, serial_shops,
          shop, enter_trove_5
Crypt:1:  uniq_aizul
Crypt:2:  grunt_megastairs_1
Crypt:3:  cryptofortress_bobbens, uniq_xtahua
Depths:1: minmay_quantized_circle, grunt_pan_entry_spiral, hell_entry,
          minmay_misc_feat_four_crosses, kennysheep_decorative_pillar,
          minmay_hidden_floor
Depths:2: dpeg_oklob_gauntlet, grunt_hell_entry_dis_mu, patterned_corridor,
          infiniplex_enter_wizlab_glasses, abyss_entry_small_statue_room,
          spider_trap, grunt_ministairs_9, infiniplex_staircase_zigzag_4,
          grunt_megastairs_2
Depths:3: fort_yaktaur, enter_ziggurat_a, rand_demon_pan_entry_4,
          serial_sigils_hangedman_scratch, pf_hell_entry_great_geh,
          grunt_ministairs_9, minmay_staircase_windowed_small,
          serial_bayou_shore_a, serial_bayou_shore_b, uniq_mara, uniq_jorgrun
Depths:4: hangedman_pleasuredromes, abyss_entry, hell_entry
Depths:5: grunt_zot_entry_tricorne, serial_shops, bzr_entry_road,
          grunt_mini_vestibule, nrook_uturn, st_stairs_7,
          nemelex_xobeh_ov_fountains_minmay
Zot:1:    kennysheep_room_grid
Zot:3:    grunt_ministairs_6, st_small_dragon_hoard_1
Zot:4:    kennysheep_spiral_hall
Zot:5:    lemuel_baited_zot_trap
Bazaar:   bazaar_minmay_generic_island, bazaar_jpeg_cross
Trove:    trove_weapon_2
IceCv:    ice_cave_statue_garden_01

Skill      XL: |  1  2  3  4  5  6  7  8  9 10 11 12 13 14 15 16 17 18 19 20 21 22 23 24 25 26 27 |
---------------+----------------------------------------------------------------------------------+-----
Armour         | 4 5 6 7 8 9 10 11 12 14 15 16 17 18 19 20 21 | 21.6
Fighting       | 4 5 6 8 9 10 11 12 13 14 15 16 17 18 19 20 21 22 24 | 24.4
Maces & Flails | 3 4 5 6 8 9 10 11 12 13 14 15 16 17 18 19 20 21 22 23 | 23.7
Dodging        | 2 3 5 6 7 8 9 10 11 12 13 14 | 14.8
Shields        | 4 6 7 8 9 10 11 12 13 14 15 16 17 20 | 20.3
Throwing       | 2 4 5 6 7 8 9 10 11 12 13 14 | 14.4
Invocations    | 2 5 6 7 |  7.4
Evocations     | 2 4 5 6 7 9 11 | 11.4

Action                   |  1- 3 |  4- 6 |  7- 9 | 10-12 | 13-15 | 16-18 | 19-21 | 22-24 | 25-27 || total
-------------------------+-------+-------+-------+-------+-------+-------+-------+-------+-------++-------
Melee: Flail             |   157 |   235 |   430 |       |       |       |       |       |       ||   822
       Morningstar       |       |       |   105 |   679 |  1551 |  1746 |  1952 |   431 |       ||  6464
       Demon whip        |       |       |       |       |       |       |       |  1773 |  3596 ||  5369
Throw: Javelin           |       |       |       |       |       |    33 |       |    22 |    10 ||    65
Invok: Heroism           |       |       |       |     1 |    11 |    29 |    18 |    19 |    27 ||   105
       Finesse           |       |       |       |       |     1 |     3 |     4 |     2 |     2 ||    12
 Abil: Fly               |       |       |       |       |       |     1 |       |       |       ||     1
Evoke: Wand              |       |       |       |       |       |       |       |       |     1 ||     1
  Use: Potion            |     3 |       |     2 |     1 |     3 |     3 |     5 |       |     9 ||    26
       Scroll            |       |       |     9 |    10 |    20 |    11 |     7 |    18 |    32 ||   107
 Stab: Distracted        |       |       |     1 |       |       |       |       |       |     2 ||     3
  Eat: Chunk             |     1 |     7 |     8 |    13 |    16 |     4 |    18 |     8 |     4 ||    79
       Meat ration       |       |       |     1 |       |       |     1 |       |     1 |     7 ||    10
       Bread ration      |       |       |     1 |     1 |     3 |     2 |     1 |     2 |     4 ||    14
       Fruit             |       |       |       |     4 |       |     5 |     8 |    14 |     5 ||    36
       Pizza             |       |       |       |     1 |     1 |       |     1 |     1 |     1 ||     5
       Beef jerky        |       |       |       |       |     2 |     2 |     1 |       |     5 ||    10
       Royal jelly       |       |       |       |       |       |     3 |       |       |       ||     3
Armor: Scale mail        |    66 |   115 |   244 |       |       |       |       |       |       ||   425
       Chain mail        |       |       |   140 |   205 |       |       |       |       |       ||   345
       Plate armour      |       |       |       |   216 |   913 |   942 |   852 |   765 |   909 ||  4597
       Gold dragon armou |       |       |       |       |       |       |       |       |   420 ||   420
Dodge: Dodged            |    52 |    68 |   175 |   165 |   459 |   628 |   638 |   605 |   967 ||  3757
Block: Shield            |    77 |   110 |   319 |   352 |   951 |   402 |       |       |       ||  2211
       Large shield      |       |       |       |       |       |  1319 |  1863 |  1665 |  2939 ||  7786
       Reflection        |       |       |       |       |       |   143 |   121 |    61 |    93 ||   418
